 Dungeon Crawl Stone Soup version 0.30-a0-626-gd6a5dd7a1f (webtiles) character file.

Game seed: 1852741039118253657

181 Leeroy the Slasher (level 5, -8/38 HPs)
             Began as a Merfolk Gladiator on Jan 11, 2023.
             Was an Initiate of Hepliaklqana.
             Mangled by a tentacled starspawn (38 damage)
             ... on level 1 of the Abyss.
             The game lasted 00:05:20 (2757 turns).

Leeroy the Slasher (Merfolk Gladiator)              Turns: 2757, Time: 00:05:20

Health: -8/38      AC:  4    Str: 14    XL:     5   Next: 61%
Magic:  5/5        EV: 14    Int:  8    God:    Hepliaklqana [......]
Gold:   183        SH:  0    Dex: 23    Spells: 4/4 levels left

rFire   . . .      SeeInvis .    a - +0 long sword
rCold   . . .      Faith    .    (no shield)
rNeg    + . .      Spirit   .    b - +0 leather armour
rPois   .          Reflect  .    c - +0 helmet
rElec   .          Harm     .    (no cloak)
rCorr   .          Rampage  .    (no gloves)
Will    .....                    (no boots)
Stlth   ++                       (no amulet)
HPRegen 0.26/turn                g - +6 ring of dexterity
MPRegen 0.09/turn                i - ring of positive energy

@: about to teleport
A: (nimble swimmer 2), mertail
a: Renounce Religion


You were on level 1 of the Abyss.
You worshipped Hepliaklqana.
Hepliaklqana was noncommittal.
You visited 1 branch of the dungeon, and saw 4 of its levels.
You visited the Abyss 1 time.

You collected 183 gold pieces.

Inventory:

Hand Weapons
 a - a +0 long sword (weapon)
 s - a +2 trident of distortion
Missiles
 d - 2 throwing nets (quivered)
 e - a javelin
Armour
 b - a +0 leather armour (worn)
 c - a +0 helmet (worn)
Jewellery
 g - a +6 ring of dexterity (left hand)
 i - a ring of positive energy (right hand)
Scrolls
 h - a scroll of identify {unknown}
 j - a scroll of fear
 k - a scroll of teleportation
 n - a scroll of enchant armour {unknown}
 p - a scroll of brand weapon {unknown}
 q - a scroll of blinking {unknown}
Potions
 f - a potion of curing {unknown}
 l - a potion of lignification {unknown}
 m - a potion of might {unknown}
 o - 2 potions of berserk rage {unknown}
 r - a potion of heal wounds


   Skills:
 - Level 2.1 Fighting
 + Level 7.4 Long Blades
 - Level 2.0 Throwing
 - Level 4.0 Dodging


You had 4 spell levels left.
You didn't know any spells.
Your spell library contained the following spells:

 Spells                   Type           Power      Damage    Failure   Level
 Apportation              Tloc           0%         N/A       50%         1
 Magic Dart               Conj           0%         1d3       50%         1
 Necrotise                Necr           0%         1d4       50%         1
 Summon Small Mammal      Summ           0%         N/A       50%         1
 Searing Ray              Conj           0%         2d4       63%         2
 Gell's Gravitas          Tloc           0%         N/A       86%         3
 Lesser Beckoning         Tloc           0%         N/A       86%         3
 Teleport Other           Tloc           0%         N/A       86%         3
 Fulminant Prism          Conj/Hex       0%         3d5       99%         4
 Dispersal                Tloc           0%         N/A       100%        6


Dungeon Overview and Level Annotations

Branches:
Dungeon (4/15)
 Temple: D:4-7

Altars:
Hepliaklqana
Ru

Annotations:
D:3 Eustachio


Innate Abilities, Weirdness & Mutations

((You are very nimble when in or above water. (Stealth+, EV+, Speed+++)))
Your lower body shifts to a powerful aquatic tail in water.


Message History

A tentacle flies out from the starspawn's body!
A starspawn tentacle comes into view.
You slash the tentacled starspawn!
The tentacled starspawn is lightly damaged.
The tentacled starspawn closely misses you.
The tentacled starspawn tentacle-slaps you!!
Ouch! That really hurt!
Okay, then.
You can't see any enemies this would affect, really read the scroll of fear?
Okay, then.
It was a potion of heal wounds.
You feel much better.
You hit the tentacled starspawn but do no damage.
The tentacled starspawn is lightly damaged.
The tentacled starspawn closely misses you. x2
You slash the tentacled starspawn!
The tentacled starspawn is lightly damaged.
The tentacled starspawn bites you but does no damage.
The tentacled starspawn closely misses you.
You barely miss the tentacled starspawn.
The tentacled starspawn is lightly damaged.
A tentacle flies out from the starspawn's body!
The starspawn tentacle closely misses you.
A starspawn tentacle comes into view.
You hit the starspawn tentacle but do no damage.
The tentacled starspawn bites you!
The tentacled starspawn tentacle-slaps you!
The starspawn tentacle closely misses you.
Okay, then.
You aren't carrying any items that you can evoke.
Unknown command.
Okay, then.
Okay, then.
The tentacled starspawn bites you!
* * * LOW HITPOINT WARNING * * *
The tentacled starspawn tentacle-slaps you.
* * * LOW HITPOINT WARNING * * *
The starspawn tentacle misses you.
You feel much better. The tentacled starspawn bites you!!!
Ouch! That really hurt!
You die...

. ## .. #. . #
#.. #.#.# .
..####.####§# .
#...#.##.#w##
##.#.#...§§.X@#
# # ..X. .
.#§###§§
...##... ##...
§§ . #
...####.#.#
###..## # # ..
# .. . ..# ###
.# #.. .. ..
.#. # . #


You could see a tentacled starspawn and a starspawn tentacle.

Vanquished Creatures
  A phantom (D:4)
  2 adders
  2 worms (D:2)
  2 dart slugs (D:2)
  5 orcs (D:3)
  5 bats
  4 endoplasms
  2 giant cockroaches
  6 goblins
  8 hobgoblins
  9 kobolds
  3 quokkas
  10 ball pythons
  4 frilled lizards
  7 rats
70 creatures vanquished.

Vanquished Creatures (others)
  9 starspawn tentacles (Abyss:1)
9 creatures vanquished.

Grand Total: 79 creatures vanquished

Notes
Turn   | Place    | Note
-------+----------+-------------------------------------------
     0 | D:1      | Leeroy the Merfolk Gladiator began the quest for the Orb.
     0 | D:1      | Reached XP level 1. HP: 16/16 MP: 1/1
    32 | D:1      | Reached skill level 4 in Long Blades
   175 | D:1      | Reached XP level 2. HP: 22/22 MP: 2/2
   638 | D:1      | Reached XP level 3. HP: 27/27 MP: 3/3
   786 | D:2      | Reached skill level 5 in Long Blades
  1276 | D:2      | Reached XP level 4. HP: 33/33 MP: 4/4
  1628 | D:3      | Reached skill level 6 in Long Blades
  2092 | D:3      | Found a hazy altar of Hepliaklqana.
  2103 | D:3      | Became a worshipper of Hepliaklqana the Forgotten
  2295 | D:3      | Found a sacrificial altar of Ru.
  2430 | D:4      | Noticed a phantom
  2441 | D:4      | Noticed Eustachio
  2444 | D:4      | Killed a phantom
  2445 | D:4      | Reached skill level 7 in Long Blades
  2445 | D:4      | Reached XP level 5. HP: 12/38 MP: 5/5
  2564 | Abyss:1  | Cast into level 1 of the Abyss (Eustachio)
  2637 | Abyss:1  | Noticed an orange demon
  2647 | Abyss:1  | Noticed a tentacled starspawn
  2757 | Abyss:1  | Mangled by a tentacled starspawn

Illustrated notes

Levels and vault maps discovered:
D:1:      spicycebolla_green_bress_n_ham, layout_basic
D:2:      layout_loops_corners, minmay_pentomino_o4
D:3:      layout_loops_ring, marbit_many_paths, nicolae_ru_path_of_blood
D:4:      layout_cave_pools, fedhas_altar_decomposition,
          nicolae_ashenzari_skybound, gammafunk_ghost_mausoleum, uniq_edmund,
          uniq_eustachio, uniq_robin
Abyss:1:  base: D:1, base:
D:3

Skill      XL: |  1  2  3  4 |
---------------+-------------+-----
Long Blades    | 4 5 7 |  7.4
Fighting       | |  2.1
Throwing       | |  2.0
Dodging        | |  4.0

Action                   |  1- 3 |  4- 6 || total
-------------------------+-------+-------++-------
Melee: Long sword        |    80 |    84 ||   164
       Punch             |     2 |     1 ||     3
Throw: Throwing net      |       |     1 ||     1
  Use: Scroll            |       |     2 ||     2
       Potion            |       |     2 ||     2
 Stab: Sleeping          |     4 |     2 ||     6
       Held in net/web   |       |     2 ||     2
Armor: Leather armour    |    17 |    21 ||    38
Dodge: Dodged            |    60 |    69 ||   129

Table legend: (Time is in decaauts)
 A = Elapsed time spent in this place.
 B = Non-inter-level travel time spent in this place.
 C = Inter-level travel time spent in this place.
 D = Time resting spent in this place.
 E = Time spent auto-exploring this place.
 F = Levels seen in this place.
 G = Mean time per level.
                   A        B        C        D        E       F      G
               +--------+--------+--------+--------+--------+-----+--------+
         Total |   2776 |   2632 |    144 |     82 |   1961 |   5 |  555.2 |
       Dungeon |   2583 |   2439 |    144 |     82 |   1905 |   4 |  645.8 |
         Abyss |    192 |    192 |      0 |      0 |     56 |   1 |  192.0 |
               +--------+--------+--------+--------+--------+-----+--------+

Top non-repeatable levels by time:
     D:3: 923 daAuts
     D:2: 839 daAuts
     D:1: 779 daAuts
 Abyss:1: 192 daAuts
     D:4: 40 daAuts
